 Dungeon Crawl Stone Soup version 0.28-a0-773-g130ae17fe5 (webtiles) character file.

Game seed: 1504757241238389039

19075 spiderkeys the Grappler (level 12, -2/122 HPs)
             Began as a Troll Abyssal Knight on Nov 1, 2021.
             Was a High Priest of Lugonu.
             Shot with an arrow by Nessos (7 damage)
             ... on level 12 of the Dungeon.
             The game lasted 00:19:03 (10181 turns).

spiderkeys the Grappler (Troll Abyssal Knight)     Turns: 10181, Time: 00:19:04

Health: -2/122     AC: 11    Str: 28    XL:     12   Next: 33%
Magic:  17/17      EV: 14    Int:  6    God:    Lugonu [*****.]
Gold:   1061       SH:  0    Dex: 10    Spells: 11/11 levels left

rFire   . . .      SeeInvis +     - Unarmed
rCold   . . .      Faith    .   (no shield)
rNeg    . . .      Spirit   .   Q - +0 acid dragon scales
rPois   .          Reflect  .   (helmet restricted)
rElec   .          Harm     .   n - +1 cloak
rCorr   +          Rampage  .   (gloves unavailable)
Will    .....                   (boots unavailable)
Stlth   +.........              (no amulet)
HPRegen 1.30/turn               E - +4 ring of evasion
MPRegen 0.15/turn               v - ring of see invisible

@: lethally poisoned (-2 -> -40), studying Ice Magic
A: large, unfitting armour, claws 3, regeneration 1, shaggy fur 1, tough skin 1
a: Renounce Religion, Depart the Abyss, Bend Space, Banish, Corrupt, Enter the
Abyss


You were on level 12 of the Dungeon.
You worshipped Lugonu.
Lugonu was extremely pleased with you.
You visited 1 branch of the dungeon, and saw 12 of its levels.
You visited the Abyss 1 time.
You also visited: Ossuary and Bailey.

You collected 1061 gold pieces.


Innate Abilities, Weirdness & Mutations

You are too large for most types of armour.
You have claws for hands.
Your natural rate of healing is unusually fast.
You are covered in fur. (AC +1)
You have tough skin. (AC +1)


   Skills:
 + Level 8.4 Fighting
 + Level 7.6 Throwing
 + Level 6.2 Armour
 - Level 5.0 Dodging
 + Level 9.8 Unarmed Combat
 + Level 8.9 Invocations


You had 11 spell levels left.
You didn't know any spells.
Your spell library contained the following spells:

 Spells                   Type           Power      Damage    Failure   Level
 Slow                     Hex            0%         N/A       52%         1
 Sting                    Tmut/Pois      0%         1d3       52%         1
 Poisonous Vapours        Pois/Air       0%         N/A       65%         2
 Confusing Touch          Hex            0%         N/A       87%         3
 Conjure Flame            Conj/Fire      0%         6-21      87%         3
 Ignite Poison            Fire/Tmut/Pois 0%         N/A       87%         3
 Inner Flame              Hex/Fire       0%         N/A       87%         3
 Cause Fear               Hex            0%         N/A       99%         4
 Leda's Liquefaction      Hex/Erth       0%         N/A       99%         4
 Olgreb's Toxic Radiance  Pois           0%         N/A       99%         4
 Sticky Flame             Conj/Fire      0%         2d3       99%         4
 Fireball                 Conj/Fire      0%         3d3       100%        5
 Iskenderun's Battlesphe  Conj           0%         2d6       100%        5
 Lee's Rapid Deconstruct  Erth           0%         3d5*      100%        5
 Yara's Violent Unravell  Hex/Tmut       0%         3d3       100%        5
 Conjure Ball Lightning   Conj/Air       0%         3x3d6     100%        6
 Statue Form              Tmut/Erth      0%         N/A       100%        6
 Dragon Form              Tmut           0%         N/A       100%        7
 Orb of Destruction       Conj           0%         N/A       100%        7
 Discord                  Hex            0%         N/A       100%        8
 Dragon's Call            Summ           0%         N/A       100%        9

Inventory:

Hand Weapons
 W - the +0 hunting sling of Ybufes {freeze, Str+7}
   (You found it on level 11 of the Dungeon)

   Any ammunition fired from it freezes those it strikes, dealing additional
   cold damage.
   It can also slow down cold-blooded creatures.
   Str:       It affects your strength (+7).
Missiles
 b - 161 sling bullets
 f - 301 stones
 s - 90 bolts
 u - 4 throwing nets {=f!f}
 x - 190 arrows
 A - 6 javelins
 K - 33 poisoned darts
 R - 9 large rocks {=f}
 T - a curare-tipped dart {=f}
 U - 57 boomerangs (quivered)
Armour
 a - a +0 robe
 n - a +1 cloak (worn)
   (You found it on level 3 of the Dungeon)
 Q - +0 acid dragon scales (worn)
   (You found it on level 8 of the Dungeon)
Magical Staves
 B - a staff of earth {!a}
   (You found it on level 6 of the Dungeon)
 C - a staff of earth {!a}
   (You found it on level 7 of the Dungeon)
Jewellery
 v - a ring of see invisible (right claw)
   (You found it on level 11 of the Dungeon)
 E - a +4 ring of evasion (left claw)
   (You found it on level 9 of the Dungeon)
 I - a +6 ring of intelligence
   (You found it on level 10 of the Dungeon)
 S - a +6 ring of strength
   (You found it on level 12 of the Dungeon)
 V - a ring of willpower
   (You found it on level 11 of the Dungeon)
 Z - a ring of wizardry
   (You found it on level 1 of the Dungeon)
Wands
 c - a wand of flame (43)
   (You found it on level 2 of the Abyss)
 r - a wand of acid (9)
   (You found it on level 7 of the Dungeon)
 z - a wand of iceblast (3)
   (You took it off Ijyb on level 4 of the Dungeon)
 N - a wand of charming (10)
   (You found it on level 9 of the Dungeon)
 O - a wand of paralysis (6)
   (You found it on level 10 of the Dungeon)
Scrolls
 h - 3 scrolls of teleportation {@r4}
 o - a scroll of fear
 p - a scroll of torment {!r}
 q - 3 scrolls of summoning
 t - a scroll of blinking {!r}
 y - 3 scrolls of fog
 G - a scroll of enchant armour
 H - a scroll of vulnerability {!r!r}
 M - 5 scrolls of magic mapping {!r}
 P - 3 scrolls of identify {@r1}
 X - a scroll of silence {unknown}
 Y - a scroll of holy word {unknown}
Potions
 d - 2 potions of mutation {!q}
 g - 2 potions of might
 j - a potion of degeneration {!q}
 k - 3 potions of brilliance
 l - 3 potions of berserk rage {!q}
 w - 2 potions of attraction {!q}
 D - 2 potions of lignification {unknown}
 F - a potion of invisibility {unknown}
 J - 2 potions of haste {unknown}
 L - a potion of ambrosia
Miscellaneous
 e - a condenser vane (inert)
   (You found it on level 3 of the Abyss)
 i - a box of beasts (inert)
   (You found it in a bailey)

Dungeon Overview and Level Annotations

Branches:
Dungeon (12/15)            Temple (0/1) D:5            Lair (0/6) D:10
    Orc (0/2) D:11        Ossuary (visited)          Bailey (visited)

Altars:
Elyvilon
Ru

Shops:
D:5 ?

Annotations:
D:9 exclusion: obsidian statue
D:12 Nessos
Abyss:1 Nergalle

..#....♣≈≈P≈≈PPP #...#
..#...#♣≈≈P≈≈PP≈♣ #../#
..#...##♣≈≈≈≈≈≈≈≈P♣♣##...#
P.#.....≈≈≈≈≈≈♣≈≈≈≈......#
.♣♣.....≈≈♣♣P≈≈≈≈♣♣.##...#
...P..##..♣≈P≈P♣♣≈+###...#
.♣.P..##..#♣♣c§≈#...##...#
≈≈...♣.....#≈♣♣..........#
≈≈≈........#....@........#
♣≈≈≈..##..###.......#....#
.≈≈♣≈.##..###########....#
.♣≈≈..#>....# #.####
.♣.≈♣.#.....# ###
.P.♣..#.....#
.....##..###### ######
...P.####.....# #....#
#P..## #.....# #....#


You could see Nessos (fast, corroded).


Message History

Press: ? - help, Shift-Dir - straight line, f/p - electric eel
Aim: an electric eel (steam, water, severely wounded, 48% to hit)
Lugonu accepts your kill.
You feel a bit more experienced. 😕 HP[+1]
Aiming: Throw Flame
Press: ? - help, Shift-Dir - straight line, f - electric eel
Aim: an electric eel (steam, water, 48% to hit)
Lugonu accepts your kill.
You feel a bit more experienced. 😕 HP[+2]
You regained 2 hp, and now have 119/122 hp.
Okay, then.
You open the door.
There is an open door here.
Your pack is full.
You see here a wand of polymorph (4). 😎 HP[+3]
Your hp is fully restored (122).
Your pack is full.
You see here a wand of polymorph (4).
Could not pick up an item here; shall I ignore it?
D - 2 fuming amethyst potions (gained 1)
You now have 1061 gold pieces (gained 17).
Aiming: Throw Flame
Press: ? - help, Shift-Dir - straight line, f - Nessos
Aim: Nessos, wearing a +0 barding and quivering arrows (81% to hit)
Your line of fire to Nessos is blocked by a plant.
Continue anyway?
Okay, then.
Aiming: Throw Flame
Press: ? - help, Shift-Dir - straight line, f/p - Nessos
Aim: Nessos, wearing a +0 barding and quivering arrows (81% to hit)
Okay, then.
Aiming: Throw Flame
Press: ? - help, Shift-Dir - straight line, f/p - Nessos
Aim: Nessos, wearing a +0 barding and quivering arrows (81% to hit)
The puff of flame hits Nessos.
Nessos is engulfed in a cloud of scalding steam.
Aiming: Throw Flame
Press: ? - help, Shift-Dir - straight line, f/p - Nessos
Aim: Nessos, wearing a +0 barding and quivering arrows (steam, lightly wounded, 81% to hit)
The puff of flame hits Nessos.
Nessos wields a +3 longbow of flaming.
It bursts into flame!
Nessos shoots an arrow.
The arrow barely misses you.
Aiming: Throw Flame
Press: ? - help, Shift-Dir - straight line, f/p - Nessos
Aim: Nessos, wielding a +3 longbow of flaming, wearing a +0 barding and quivering arrows (lightly wounded, 81% to hit)
The puff of flame hits Nessos but does no damage.
Nessos is engulfed in a cloud of scalding steam.
Nessos mumbles some strange words.
Nessos blinks!
Aiming: Throw Flame
Press: ? - help, Shift-Dir - straight line, f/p - Nessos
Aim: Nessos, wielding a +3 longbow of flaming, wearing a +0 barding and quivering arrows (moderately wounded, 81% to hit)
The puff of flame hits Nessos but does no damage.
Nessos is engulfed in a cloud of scalding steam.
Nessos gestures wildly while chanting.
Nessos seems to speed up.
Nessos shoots an arrow.
The arrow hits you! The arrow burns you.
You are poisoned.
You hear a horrible gurgling sound! 😕 HP[-18]
You take 18 damage, and now have 104/122 hp.
Aiming: Throw Flame
Press: ? - help, Shift-Dir - straight line, f/p - Nessos
Aim: Nessos, wielding a +3 longbow of flaming, wearing a +0 barding and quivering arrows (steam, moderately wounded, fast, 81% to hit)
The puff of flame hits Nessos but does no damage.
You feel very sick.
Nessos is engulfed in a cloud of scalding steam.
Nessos shoots an arrow.
The arrow closely misses you.
Nessos is engulfed in a cloud of scalding steam.
Nessos stands on their hind legs for a moment.
Nessos shoots an arrow.
The arrow barely misses you. 😕 HP[-4]
You take 4 damage, and now have 100/122 hp.
Aiming: Corrosive Bolt
Press: ? - help, Shift-Dir - straight line, f/p - Nessos
Aim: Nessos, wielding a +3 longbow of flaming, wearing a +0 barding and quivering arrows (steam, moderately wounded, fast, 83% to hit)
The bolt of acid hits Nessos!
The acid corrodes Nessos!
The bolt of acid hits the plant!
The plant begins to die.
You feel very sick.
Nessos is engulfed in a cloud of scalding steam.
Nessos shoots an arrow.
The arrow hits you. The arrow burns you.
You are more poisoned.
Nessos is engulfed in a cloud of scalding steam.
Nessos shoots an arrow.
The arrow hits you!! The arrow burns you.
You are more poisoned. 😮 HP[-37]
You take 37 damage, and now have 63/122 hp.
MASSIVE DAMAGE!! (PAUSE)
You feel better.
Nessos shoots an arrow.
The arrow hits you!!
* * * LOW HITPOINT WARNING * * *
The arrow burns you!
You are poisoned.
* * * LOW HITPOINT WARNING * * *
Nessos intently looks at you, slowly moving their tail.
Nessos shoots an arrow.
The arrow hits you!!
* * * LOW HITPOINT WARNING * * *
The arrow burns you!
You are more poisoned.
You die...

Skill      XL: |  1  2  3  4  5  6  7  8  9 10 11 12 |
---------------+-------------------------------------+-----
Fighting       | 3 4 5 6 7 8 |  8.4
Dodging        | 2 3 4 5 |  5.0
Unarmed Combat | 3 4 5 7 8 9 |  9.8
Invocations    | 2 3 4 5 6 7 8 |  8.9
Throwing       | 2 4 5 7 |  7.6
Armour         | 2 4 5 6 |  6.2

Action                   |  1- 3 |  4- 6 |  7- 9 | 10-12 || total
-------------------------+-------+-------+-------+-------++-------
Melee: Unarmed           |       |     4 |   537 |   492 ||  1033
       Punch             |       |       |    12 |    19 ||    31
Throw: Boomerang         |       |       |       |    13 ||    13
Invok: Bend Space        |       |       |     2 |     8 ||    10
       Banish            |       |       |       |     8 ||     8
Evoke: Condenser vane    |       |     1 |       |     1 ||     2
       Wand              |       |       |     1 |    33 ||    34
       Box of beasts     |       |       |       |     1 ||     1
  Use: Scroll            |     1 |       |     5 |    12 ||    18
       Potion            |       |       |     2 |     5 ||     7
 Stab: Sleeping          |       |       |     2 |       ||     2
Armor: Robe              |       |       |   198 |    81 ||   279
       Acid dragon scale |       |       |       |   110 ||   110
Dodge: Dodged            |       |       |   342 |   421 ||   763

Levels and vault maps discovered:
D:1:      sevenhm_arrival_forest_fort_small_5, layout_basic
D:2:      layout_basic, basic_altar, shapermc_ecumenical_altar_mp_highgroup,
          palyth_stone_intersect, hangedman_decor_peaks_small, minivault_23,
          roderic_lattice_a
D:3:      layout_loops_cross, minmay_crystal_water,
          chequers_serial_rivers_micro_a, hex_medium, uniq_terence
D:4:      minmay_clustersquares, layout_cave_pools,
          nicolae_ru_the_path_less_chosen, uniq_ijyb, uniq_natasha
D:5:      layout_cave_pods, minmay_temple_entry_stoned_glass,
          gup_ossuary_entry_pyramid, serial_column_ruins,
          column_ruins_circle_medium, column_ruins_hut,
          column_ruins_corridor_straight, column_ruins_corridor_dead_end,
          column_ruins_open_small, column_ruins_open_large,
          column_ruins_columns_straight, column_ruins_open_small, serial_shops,
          nicolae_square_shop
D:6:      layout_cave_pools, uniq_grinder, uniq_duvessa, uniq_blork_the_orc
D:7:      layout_gridville, enter_bailey_6
D:8:      layout_basic
D:9:      layout_basic, minivault_16
D:10:     layout_rooms, david_lair_shrubbed, minmay_misc_feat_diagonals,
          grunt_decor_fettered
D:11:     layout_roguey, orc_0_dummy, uniq_nergalle
D:12:     layout_gridville, serial_bayou, serial_bayou_shore_a,
          serial_bayou_pond_e, serial_bayou_pond_d, serial_bayou_lagoon_b,
          serial_bayou_pond_a, serial_bayou_lake_a, uniq_nessos

Notes
Turn   | Place    | Note
-------+----------+-------------------------------------------
     0 | Abyss:1  | spiderkeys the Troll Abyssal Knight began the quest for the
                  | Orb.
     0 | Abyss:1  | Reached XP level 1. HP: 22/22 MP: 1/1
     0 | Abyss:1  | magus.rc [v1.9.10]
   221 | Abyss:1  | Noticed a small abomination
   291 | Abyss:3  | Noticed a starcursed mass
   299 | Abyss:3  | Killed a starcursed mass
   300 | Abyss:3  | Reached skill level 3 in Fighting
   300 | Abyss:3  | Reached skill level 2 in Dodging
   300 | Abyss:3  | Reached skill level 3 in Unarmed Combat
   300 | Abyss:3  | Reached skill level 2 in Invocations
   300 | Abyss:3  | Reached XP level 2. HP: 31/31 MP: 3/3
   300 | Abyss:3  | Reached XP level 3. HP: 37/37 MP: 4/4
   300 | Abyss:3  | Reached XP level 4. HP: 45/45 MP: 5/5
   300 | Abyss:3  | Reached XP level 5. HP: 53/53 MP: 6/6
   303 | Abyss:3  | Killed a starcursed mass
   304 | Abyss:3  | Reached skill level 3 in Dodging
   304 | Abyss:3  | Reached skill level 3 in Invocations
   304 | Abyss:3  | Reached XP level 6. HP: 61/61 MP: 7/7
   306 | Abyss:3  | Killed a starcursed mass
   306 | Abyss:3  | Noticed a raiju
   310 | Abyss:3  | Killed a starcursed mass
   312 | Abyss:3  | Killed a starcursed mass
   313 | Abyss:3  | Noticed a starcursed mass
   313 | Abyss:3  | Noticed a starcursed mass
   313 | Abyss:3  | Noticed a starcursed mass
   314 | Abyss:3  | Noticed a starcursed mass
   314 | Abyss:3  | Killed a raiju
   315 | Abyss:3  | Reached skill level 4 in Fighting
   315 | Abyss:3  | Reached skill level 4 in Unarmed Combat
   315 | Abyss:3  | Reached XP level 7. HP: 69/70 MP: 8/8
   315 | Abyss:3  | Noticed a starcursed mass
   315 | Abyss:3  | Killed a starcursed mass
   315 | Abyss:3  | Noticed a starcursed mass
   315 | Abyss:3  | Noticed a starcursed mass
   317 | Abyss:3  | Paralysed by accursed screaming for 1 turns
   318 | Abyss:3  | Killed a starcursed mass
   319 | Abyss:3  | Reached skill level 4 in Dodging
   319 | Abyss:3  | Reached skill level 4 in Invocations
   321 | Abyss:3  | Killed a starcursed mass
   322 | Abyss:3  | Noticed a thrashing horror
   324 | Abyss:3  | Killed a starcursed mass
   326 | D:1      | You pass through the gate.
   326 | D:1      | Escaped the Abyss
   377 | D:1      | You add the spells Conjure Flame, Ignite Poison and Sticky
                  | Flame to your library.
   924 | D:2      | Found a faded altar of an unknown god.
  1087 | D:2      | Reached ** piety under Lugonu
  1298 | D:2      | Found a white marble altar of Elyvilon.
  1935 | D:3      | Noticed Terence
  1945 | D:3      | Killed Terence
  2031 | D:3      | You pick up a book of the Spheres and begin reading...
  2031 | D:3      | You add the spells Iskenderun's Battlesphere, Fireball,
                  | Conjure Ball Lightning and Orb of Destruction to your
                  | library.
  2510 | D:4      | You pick up a book of the Dragon and begin reading...
  2510 | D:4      | You add the spells Cause Fear, Dragon Form and Dragon's
                  | Call to your library.
  2563 | D:5      | Entered Level 5 of the Dungeon
  2570 | D:5      | Found a staircase to the Ecumenical Temple.
  2620 | D:5      | Found a sand-covered staircase.
  2630 | D:5      | Reached XP level 8. HP: 79/79 MP: 10/10
  2632 | Ossuary  | Entered an ossuary
  2648 | Ossuary  | Reached skill level 5 in Unarmed Combat
  2721 | Ossuary  | Reached skill level 1 in Throwing
  2770 | Ossuary  | Reached *** piety under Lugonu
  3199 | D:5      | Found Jemilaept's Magic Scroll Shop.
  3328 | D:5      | Reached skill level 2 in Throwing
  3333 | D:5      | Reached skill level 5 in Fighting
  3420 | D:5      | Reached skill level 5 in Invocations
  3577 | D:6      | Noticed Duvessa
  3577 | D:6      | Noticed Dowan
  3605 | D:4      | Noticed Natasha
  3607 | D:4      | Killed Natasha
  3641 | D:4      | Noticed Natasha
  3648 | D:4      | Killed Natasha
  3662 | D:4      | Noticed Natasha
  3689 | D:4      | Killed Natasha
  3734 | D:4      | Reached skill level 5 in Dodging
  3754 | D:4      | Noticed Ijyb
  3762 | D:4      | Reached XP level 9. HP: 64/88 MP: 11/11
  3766 | D:4      | Killed Ijyb
  3767 | D:4      | Reached skill level 6 in Unarmed Combat
  3794 | D:4      | You pick up a book of Misfortune and begin reading...
  3794 | D:4      | You add the spells Slow, Confusing Touch and Yara's Violent
                  | Unravelling to your library.
  3809 | D:4      | Reached **** piety under Lugonu
  3954 | D:4      | Reached skill level 3 in Throwing
  3961 | D:4      | Found a sacrificial altar of Ru.
  4127 | D:4      | Reached skill level 1 in Armour
  4324 | D:6      | Noticed Grinder
  4336 | D:6      | Paralysed by Grinder for 3 turns
  4347 | D:6      | Killed Grinder
  4353 | D:6      | HP: 20/87 [centaur warrior zombie (4)]
  4371 | D:6      | Reached skill level 2 in Armour
  4371 | D:6      | Reached skill level 6 in Invocations
  4373 | D:6      | Reached skill level 4 in Throwing
  4443 | D:6      | Identified the +1 ring mail of Lightning Storm {Contam
                  | Regen+ Int+2 Dex+2}
  4465 | D:6      | Killed Duvessa
  4466 | D:6      | Reached skill level 6 in Fighting
  4469 | D:6      | Killed Dowan
  4543 | D:6      | Reached ***** piety under Lugonu
  4556 | D:6      | Noticed Blork the orc
  4565 | D:6      | Killed Blork the orc
  4652 | D:6      | Reached skill level 7 in Unarmed Combat
  4772 | D:6      | Reached XP level 10. HP: 95/98 MP: 13/13
  5023 | D:7      | Found a flagged portal.
  5078 | Bailey   | Entered a bailey
  5097 | Bailey   | Noticed an orc knight
  5100 | Bailey   | Banished an orc knight
  5101 | Bailey   | Reached skill level 3 in Armour
  5177 | Bailey   | HP: 21/100 [orc warrior (8)]
  5645 | D:7      | Reached skill level 5 in Throwing
  6146 | D:8      | Noticed a two-headed ogre
  6152 | D:8      | Banished a two-headed ogre
  6153 | D:8      | Reached skill level 7 in Invocations
  6244 | D:8      | Reached skill level 4 in Armour
  6349 | D:8      | You add the spells Sting, Poisonous Vapours and Olgreb's
                  | Toxic Radiance to your library.
  6586 | D:8      | You pick up a book of Hexes and begin reading...
  6586 | D:8      | You add the spells Inner Flame and Discord to your library.
  6852 | D:9      | Noticed an obsidian statue
  6871 | D:9      | Reached skill level 8 in Unarmed Combat
  6875 | D:9      | Reached skill level 7 in Fighting
  6923 | D:9      | Noticed a rakshasa
  6923 | D:9      | Noticed a centaur warrior
  6925 | D:9      | Banished a centaur warrior
  6934 | D:9      | Killed a rakshasa
  6935 | D:9      | Reached XP level 11. HP: 75/109 MP: 11/15
  7314 | D:9      | Reached skill level 6 in Throwing
  7586 | D:10     | Entered Level 10 of the Dungeon
  7797 | D:10     | Noticed a two-headed ogre
  7800 | D:10     | Banished a two-headed ogre
  8041 | D:10     | Reached skill level 5 in Armour
  8128 | D:10     | Found a staircase to the Lair.
  8183 | D:10     | Reached skill level 8 in Invocations
  8548 | D:11     | Found a staircase to the Orcish Mines.
  8672 | D:11     | Reached skill level 9 in Unarmed Combat
  8818 | D:11     | Noticed a two-headed ogre
  8826 | D:11     | Killed a two-headed ogre
  8827 | D:11     | Reached skill level 8 in Fighting
  8828 | D:11     | Identified the +0 hunting sling of Ybufes {freeze, Str+7}
  8924 | D:11     | Reached skill level 7 in Throwing
  8998 | D:11     | Noticed Nergalle
  8999 | D:11     | Banished Nergalle
  9330 | D:12     | Noticed Nessos
  9331 | D:12     | Reached XP level 12. HP: 100/119 MP: 17/17
  9403 | D:12     | Noticed a death knight
  9406 | D:12     | Banished a death knight
  9438 | D:12     | HP: 28/120 [skeletal warrior[a death knight] (15)]
  9444 | D:12     | Reached skill level 6 in Armour
  9562 | D:12     | You pick up a book of the Earth and begin reading...
  9562 | D:12     | You add the spells Leda's Liquefaction, Lee's Rapid
                  | Deconstruction and Statue Form to your library.
 10024 | D:12     | Noticed a two-headed ogre
 10029 | D:12     | Killed a two-headed ogre
 10181 | D:12     | HP: 5/122 [Nessos/arrow (31)]
 10181 | D:12     | Shot with an arrow by Nessos

Vanquished Creatures
  A rakshasa (D:9)
  2 two-headed ogres
  A skeletal warrior (D:12)
  2 cyclopes
  A manticore (D:12)
  A centaur zombie (D:6)
  2 gargoyles
  A kobold demonologist (D:12)
  A komodo dragon (D:10)
  A troll (D:11)
  Grinder (D:6)
  2 starcursed masses (Abyss:3)
  15 yaks
  4 wraiths
  A vampire (D:12)
  2 wyverns
  A shadow (D:9)
  A steam dragon (D:10)
  6 vampire mosquitoes
  An acid dragon (D:8)
  4 water moccasins
  Duvessa (D:6)
  4 black bears
  6 orc warriors
  A sky beast (D:7)
  2 necrophages
  2 ice beasts
  7 centaurs
  An ogre (D:4)
  2 phantoms
  Blork the orc (D:6)
  A kobold brigand (D:11)
  4 bullfrogs
  A wyvern zombie (D:8)
  Dowan (D:6)
  2 water moccasin zombies
  A scorpion (D:6)
  A wyvern skeleton (D:6)
  A water moccasin skeleton (D:5)
  A howler monkey (D:11)
  8 electric eels (D:12)
  A bullfrog skeleton (D:7)
  An orc priest (D:11)
  3 hounds
  4 jellies
  3 gnoll shamans
  4 iguanas
  Terence (D:3)
  Ijyb (D:4)
  Natasha (thrice) (D:4)
  A scorpion zombie (D:5)
  11 orc wizards
  2 hound skeletons
  A howler monkey zombie (D:10)
  2 mummies
  5 adders
  12 gnolls
  A shadow imp (D:8)
  An adder skeleton (D:4)
  5 worms
  2 dart slugs
  28 orcs
  10 ball pythons
  4 bats
  5 endoplasms
  A giant cockroach (D:4)
  14 goblins
  11 hobgoblins
  3 jackals (D:1)
  25 kobolds
  5 quokkas
  A frilled lizard (D:2)
  6 gnoll skeletons (Ossuary)
  4 kobold skeletons (Ossuary)
  15 orc skeletons (Ossuary)
  2 quokka skeletons (D:4)
  4 rats
301 creatures vanquished.

Vanquished Creatures (collateral kills)
  A freezing wraith (D:12)
  A raiju (Abyss:3)
  7 starcursed masses (Abyss:3)
9 creatures vanquished.

Vanquished Creatures (others)
  An orc wizard (D:4)
  2 fungi (D:4)
  48 plants
51 creatures vanquished.

Grand Total: 361 creatures vanquished

Table legend:
 A = Non-vault XP
 B = Vault XP
 C = Vault XP percentage of total XP
 D = Non-vault monster count
 E = Vault monster count
 F = Vault count percentage of total count
                 A         B        C        D         E       F
            +---------+---------+-------+---------+---------+-------
      Total |   23419 |    3831 |  14.1 |     231 |      86 |  27.1
            +---------+---------+-------+---------+---------+-------
        D:1 |      40 |       0 |   0.0 |      21 |       0 |   0.0
        D:2 |      56 |       0 |   0.0 |      22 |       0 |   0.0
        D:3 |      38 |      38 |  50.0 |      11 |       1 |   8.3
        D:4 |     709 |     531 |  42.8 |      30 |      18 |  37.5
        D:5 |     585 |      52 |   8.2 |      13 |       2 |  13.3
        D:6 |    1680 |     593 |  26.1 |      18 |       4 |  18.2
        D:7 |     704 |       0 |   0.0 |       7 |       0 |   0.0
        D:8 |    1901 |       0 |   0.0 |      17 |       0 |   0.0
        D:9 |    3808 |       0 |   0.0 |      20 |       0 |   0.0
       D:10 |    3080 |     355 |  10.3 |      16 |       1 |   5.9
       D:11 |    3620 |     755 |  17.3 |      25 |       1 |   3.8
       D:12 |    5949 |       0 |   0.0 |      21 |       0 |   0.0
    Abyss:3 |    1249 |       0 |   0.0 |      10 |       0 |   0.0
    Ossuary |       0 |     252 | 100.0 |       0 |      27 | 100.0
     Bailey |       0 |    1255 | 100.0 |       0 |      32 | 100.0
            +---------+---------+-------+---------+---------+-------

Illustrated notes

Table legend:
 A = Kills in this place as a percentage of kills in entire the game.
 B = Kills by you in this place as a percentage of kills by you in the entire game.
 C = Kills by friends in this place as a percentage of kills by friends in the entire game.
 D = Other kills in this place as a percentage of other kills in the entire game.
 E = Experience gained in this place as a percentage of experience gained in the entire game.
 F = Experience gained in this place divided by the number of levels of this place that you have seen.
                   A       B       C       D       E      F
               +-------+-------+-------+-------+-------+----------------------
         Total | 100.0 | 100.0 | 100.0 | 100.0 | 100.0 | 1602.9
       Dungeon |  78.2 |  80.1 |  11.1 |  85.7 |  89.9 | 2041.2
         Abyss |   3.2 |   0.7 |  88.9 |   0.0 |   4.6 | 416.3
       Ossuary |   8.5 |   9.0 |   0.0 |   0.0 |   0.9 | 252.0
        Bailey |  10.1 |  10.3 |   0.0 |  14.3 |   4.6 | 1255.0
               +-------+-------+-------+-------+-------+----------------------

Table legend: (Time is in decaauts)
 A = Elapsed time spent in this place.
 B = Non-inter-level travel time spent in this place.
 C = Inter-level travel time spent in this place.
 D = Time resting spent in this place.
 E = Time spent auto-exploring this place.
 F = Levels seen in this place.
 G = Mean time per level.
                   A        B        C        D        E       F      G
               +--------+--------+--------+--------+--------+-----+--------+
         Total |  10116 |   9880 |    236 |    124 |   7421 |  17 |  595.1 |
       Dungeon |   9226 |   8990 |    236 |     83 |   7032 |  12 |  768.8 |
         Abyss |    324 |    324 |      0 |      0 |    215 |   3 |  108.0 |
       Ossuary |    195 |    195 |      0 |      0 |    100 |   1 |  195.0 |
        Bailey |    368 |    368 |      0 |     41 |     74 |   1 |  368.0 |
               +--------+--------+--------+--------+--------+-----+--------+

Top non-repeatable levels by time:
    D:12: 1060 daAuts
     D:2: 947 daAuts
    D:11: 891 daAuts
     D:5: 846 daAuts
     D:8: 844 daAuts
     D:4: 816 daAuts
     D:9: 787 daAuts
     D:6: 678 daAuts
     D:3: 628 daAuts
    D:10: 598 daAuts
     D:7: 594 daAuts
     D:1: 533 daAuts
  Bailey: 368 daAuts
 Abyss:1: 223 daAuts
 Ossuary: 195 daAuts
